 Dungeon Crawl Stone Soup version 0.29-a0-541-gaf1fc19f1b (webtiles) character file.

Game seed: 2351707547095008827

124 IdlyInterested the Ducker (level 4, -2/33 HPs)
             Began as a Demonspawn Gladiator on June 2, 2022.
             Slain by a worm (4 damage)
             ... on level 3 of the Dungeon.
             The game lasted 00:05:00 (2268 turns).

IdlyInterested the Ducker (Demonspawn Gladiator)    Turns: 2268, Time: 00:05:01

Health: -2/33      AC: 10    Str: 16    XL:     4   Next: 81%
Magic:  4/4        EV:  7    Int: 10    God:
Gold:   58         SH:  0    Dex: 14    Spells: 3/3 levels left

rFire   . . .      SeeInvis .   a - +0 flail
rCold   . . .      Faith    .   (no shield)
rNeg    . . .      Spirit   .   o - +0 chain mail
rPois   .          Reflect  .   j - +0 helmet
rElec   .          Harm     .   (no cloak)
rCorr   .          Rampage  .   (no gloves)
Will    .....                   c - +0 pair of boots
Stlth   ..........              (no amulet)
HPRegen 0.11/turn               (no ring)
MPRegen 0.09/turn               (no ring)

@: no status effects
A: claws 1, spiny 1, demonic magic 1
a: no special abilities


You were on level 3 of the Dungeon.
You visited 1 branch of the dungeon, and saw 3 of its levels.

You collected 58 gold pieces.

Inventory:

Hand Weapons
 a - a +0 flail (weapon)
 f - the +8 hunting sling "Arbiter" {vorpal, rPois rF- rCorr Str+6}
   (You found it on level 2 of the Dungeon)

   Any ammunition fired from it inflicts extra damage upon your enemies.
   Str:       It affects your strength (+6).
   rF:        It makes you vulnerable to fire.
   rPois:     It protects you from poison.
   rCorr:     It protects you from acid and corrosion.
Missiles
 d - 3 throwing nets
 e - a javelin
 g - 13 stones (quivered)
Armour
 b - a +0 leather armour
 c - a +0 pair of boots (worn)
 j - a +0 helmet (worn)
 o - a +0 chain mail (worn)
Magical Staves
 m - a staff of fire
Potions
 p - a potion of attraction


   Skills:
 - Level 2.0 Fighting
 * Level 3.8 Maces & Flails
 - Level 2.0 Throwing
 + Level 1.3 Armour
 * Level 3.8 Dodging


You had 3 spell levels left.
You didn't know any spells.
Your spell library contained the following spells:

 Spells                   Type           Power      Damage    Failure   Level
 Ensorcelled Hibernation  Hex/Ice        0%         N/A       100%        2
 Passwall                 Tmut/Erth      0%         N/A       100%        2
 Dazzling Flash           Conj/Hex       0%         N/A       100%        3
 Swiftness                Air            0%         N/A       100%        3
 Iskenderun's Mystic Bla  Conj/Tloc      0%         2d3       100%        4
 Starburst                Conj/Fire      0%         6d3       100%        6


Dungeon Overview and Level Annotations

Branches:
Dungeon (3/15)

Altars:


Innate Abilities, Weirdness & Mutations

You have sharp fingernails.
You are partially covered in sharp spines.
Spells you cast may paralyse adjacent enemies.


Message History

The orc priest is lightly wounded.
The orc is struck by your spines. The orc hits you but does no damage.
The orc priest hits you but does no damage.
The worm bites you but does no damage. The orc hits you with a +0 morningstar.
* * * LOW HITPOINT WARNING * * *
The orc hits you but does no damage.
You hit the worm but do no damage.
The worm is lightly wounded.
You feel less invigorated.
You feel less confused. The orc is struck by your spines.
You kill the orc!
The orc priest hits you but does no damage.
The orc hits you with a +0 dagger. The orc hits you with a +0 morningstar.
The worm bites you.
* * * LOW HITPOINT WARNING * * *
You closely miss the orc priest.
The orc priest is lightly wounded.
The orc priest calls upon Beogh to heal the orc.
The orc's wounds heal themselves!
The orc is struck by your spines. The orc closely misses you.
The orc hits you with a +0 dagger.
* * * LOW HITPOINT WARNING * * *
Unknown command.
You sock the orc priest!
The orc priest is severely wounded.
The orc priest is struck by your spines.
The orc priest hits you with a +0 dagger.
* * * LOW HITPOINT WARNING * * *
The orc hits you with a +0 dagger.
* * * LOW HITPOINT WARNING * * *
The orc is struck by your spines.
You kill the orc!
The worm is struck by your spines. The worm barely misses you.
You closely miss the orc priest.
The orc priest is almost dead.
The orc hits you but does no damage. The orc priest barely misses you.
The orc hits you with a +0 dagger.
* * * LOW HITPOINT WARNING * * *
The worm bites you.
You die...

#.........<#
#..........#
#..........####
#.............#
####....gg.......#
.......ogg.......#
.(.....o####.....#
........# #ow...#
.....S.o# #@o...#
.......o# #))...#
........# #######
.....o.o#
....o.S.#
........#
........#
........#


You could see a worm, an orc priest and an orc.

Vanquished Creatures
  An orc priest (D:2)
  Robin (D:3)
  2 adders
  3 worms (D:2)
  A dart slug (D:1)
  5 orcs
  2 bats
  5 endoplasms (D:1)
  10 goblins
  7 hobgoblins
  3 kobolds
  4 ball pythons
  2 frilled lizards
  4 rats
50 creatures vanquished.

Notes
Turn   | Place    | Note
-------+----------+-------------------------------------------
     0 | D:1      | IdlyInterested the Demonspawn Gladiator began the quest for
                  | the Orb.
     0 | D:1      | Reached XP level 1. HP: 16/16 MP: 1/1
   195 | D:1      | Gained mutation: Spells you cast may paralyse adjacent
                  | enemies. [demonic ancestry]
   195 | D:1      | Reached XP level 2. HP: 22/22 MP: 2/2
   692 | D:1      | Found a faded altar of an unknown god.
  1136 | D:2      | Identified the +8 hunting sling "Arbiter" {vorpal, rPois
                  | rF- rCorr Str+6}
  1154 | D:2      | Gained mutation: You are partially covered in sharp spines.
                  | [demonic ancestry]
  1154 | D:2      | Reached XP level 3. HP: 22/27 MP: 3/3
  1601 | D:2      | Reached skill level 1 in Armour
  1601 | D:2      | Gained mutation: You have sharp fingernails. [demonic
                  | ancestry]
  1601 | D:2      | Reached XP level 4. HP: 10/33 MP: 4/4
  2231 | D:3      | Noticed Robin
  2255 | D:3      | Killed Robin
  2268 | D:3      | Slain by a worm

Illustrated notes

Levels and vault maps discovered:
D:1:      minmay_arrival_arboretum_small, layout_rooms,
          dreamdust_ecumenical_altar_hidden_monk_grotto, minmay_tromino_v4_c
D:2:      layout_loops_corners, due_unseen_surprise
D:3:      layout_basic, gammafunk_ghost_arena, uniq_robin

Skill      XL: |  1  2  3 |
---------------+----------+-----
Maces & Flails | 3 |  3.8
Throwing       | 2 |  2.0
Dodging        | 3 |  3.8
Armour         | 1 |  1.3
Fighting       | |  2.0

Action                   |  1- 3 |  4- 6 || total
-------------------------+-------+-------++-------
Melee: Flail             |    75 |    34 ||   109
       Punch             |     1 |     1 ||     2
  Use: Scroll            |     3 |     3 ||     6
       Potion            |     3 |     2 ||     5
 Stab: Sleeping          |     3 |       ||     3
Armor: Leather armour    |    23 |       ||    23
       Chain mail        |       |    42 ||    42
Dodge: Dodged            |    54 |    24 ||    78

Table legend: (Time is in decaauts)
 A = Elapsed time spent in this place.
 B = Non-inter-level travel time spent in this place.
 C = Inter-level travel time spent in this place.
 D = Time resting spent in this place.
 E = Time spent auto-exploring this place.
 F = Levels seen in this place.
 G = Mean time per level.
                   A        B        C        D        E       F      G
               +--------+--------+--------+--------+--------+-----+--------+
         Total |   2293 |   2175 |    118 |    796 |    971 |   3 |  764.3 |
       Dungeon |   2293 |   2175 |    118 |    796 |    971 |   3 |  764.3 |
               +--------+--------+--------+--------+--------+-----+--------+

Top non-repeatable levels by time:
     D:2: 1400 daAuts
     D:1: 851 daAuts
     D:3: 41 daAuts
